 Dungeon Crawl Stone Soup version 0.20-a0-553-g9f38e11 (webtiles) character file.

294 drasked the Magician (level 6, -2/32 HPs)
             Began as a Deep Elf Ice Elementalist on Feb 3, 2017.
             Slain by a gnoll
             ... wielding a cursed -1 flail
              (8 damage)
             ... on level 3 of the Dungeon.
             The game lasted 00:10:21 (3962 turns).

drasked the Magician (Deep Elf Ice Elementalist)    Turns: 3962, Time: 00:10:22

Health: -2/32      AC:  2    Str:  5    XL:     6   Next: 11%
Magic:  7/17       EV: 13    Int: 22    God:
Gold:   109        SH:  0    Dex: 15    Spells: 12/18 levels left

rFire    . . .     SeeInvis .   d - +0 short sword
rCold    . . .     Gourm    .   a - +0 robe
rNeg     . . .     Faith    .   (no shield)
rPois    .         Spirit   .   (no helmet)
rElec    .         Reflect  .   (no cloak)
rCorr    .         Harm     .   (no gloves)
MR       .....                  (no boots)
Stlth    ++........             (no amulet)
Regen    0.1/turn               (no ring)
                                (no ring)

@: no status effects
A: no striking features
a: no special abilities


You were on level 3 of the Dungeon.
You were not hungry.

You visited 1 branch of the dungeon, and saw 3 of its levels.

You collected 109 gold pieces.

Inventory:

Hand Weapons
 d - a +0 short sword (weapon)
   (You took it off a kobold on level 1 of the Dungeon)
Armour
 a - a +0 robe (worn)
 g - a +0 pair of gloves
   (You found it on level 1 of the Dungeon)
 q - a +0 pair of gloves
   (You found it on level 3 of the Dungeon)
Jewellery
 k - a +3 ring of intelligence {unknown}
   (You found it on level 2 of the Dungeon)
Scrolls
 f - a scroll of noise {unknown}
 h - 4 scrolls of blinking {unknown}
 i - a scroll of fog {unknown}
 j - 2 scrolls of teleportation {unknown}
 l - 5 scrolls of identify {unknown}
 o - a scroll of fear {unknown}
Potions
 e - 3 potions of flight {unknown}
 n - 2 potions of degeneration {unknown}
 s - a potion of might {unknown}
 u - a potion of curing {unknown}
Books
 b - a book of Frost
Comestibles
 c - 4 bread rations {@e1}
 m - a royal jelly
 p - a fruit
 r - 2 meat rations {@e2}
 t - a chunk of flesh {@w0}


   Skills:
 - Level 2.4 Dodging
 - Level 2.4 Stealth
 + Level 6.5 Spellcasting
 - Level 1.1 Conjurations
 + Level 5.7 Ice Magic


You had 12 spell levels left.
You knew the following spells:

 Your Spells              Type           Power        Failure   Level  Hunger
a - Freeze                Ice            ####         1%          1    None
x - Throw Frost           Conj/Ice       ###...       3%          2    None
A - Ozocubu's Armour      Chrm/Ice       ###.....     10%         3    #......


Dungeon Overview and Level Annotations

Branches:
Dungeon (3/15)

Altars:
Elyvilon
Hepliaklqana
Makhleb


Message History

You kill the kobold!
You now have 14/15 mp.
You may need something to eat soon, looking for food.
Can't find anything matching that.
Sorry, you're not good enough to have a special ability.
Things that are here:
a dagger; a stone You are feeling very hungry.
MP restored: 15 You see here a poisoned needle.
A bat comes into view.
A bat is nearby!
A bat is nearby!
You hit the bat.
You kill the bat!
You may need something to eat soon, looking for food.
Can't find anything matching that.
Sorry, you're not good enough to have a special ability.
You see here 13 bolts.
You see here a robe.
There is a stone staircase leading up here.
A goblin comes into view. It is wielding a club.
The goblin shouts!
The goblin moves out of view.
No target in view!
The goblin is too close now for your liking.
A goblin is nearby!
Aim: a goblin, wielding a club You freeze the goblin.
You kill the goblin!
You now have 14/15 mp.
You may need something to eat soon, looking for food.
Can't find anything matching that.
Sorry, you're not good enough to have a special ability.
Things that are here:
a club; a goblin corpse Autochopping corpse.
You butcher the goblin corpse.
t - 2 chunks of flesh {@w0}
Things that are here:
a club; a goblin skeleton Autoeating chunks.
Eating one of 2 chunks of flesh {@w0}.
You eat one of the 2 chunks of flesh {@w0}.
c - 4 bread rations {@e1} (gained 1)
u - a ruby potion MP restored: 15 A gnoll comes into view.
It is wielding a spear.
A gnoll is nearby!
The gnoll shouts!
The gnoll hits you from afar with a spear.
You take 4 damage, and have 24/28 hp.
The gnoll hits you with a spear.
You take 1 damage, and have 23/28 hp.
Aim: a gnoll, wielding a spear You freeze the gnoll.
The gnoll closely misses you. 2 gnolls come into view.
A gnoll is wielding a halberd of venom.
You now have 14/15 mp.
Aim: a gnoll, wielding a spear (moderately wounded)
You freeze the gnoll.
You kill the gnoll!
Your life force feels restored.
You have reached level 6!
Your experience leads to an increase in your attributes!
Increase (S)trength, (I)ntelligence, or (D)exterity?
You feel clever.
The gnoll shouts!
You regained 4 hp, and now have 27/32 hp.
Aim: a gnoll, wielding a halberd of venom The puff of frost hits the gnoll.
You now have 12/17 mp.
Aim: a gnoll, wielding a halberd of venom (moderately wounded)
The puff of frost hits the gnoll.
The gnoll hits you from afar with a halberd of venom!
Ouch! That really hurt!
You take 16 damage, and have 11/32 hp.
MASSIVE DAMAGE!!
You now have 10/17 mp.
You see here a spear.
Aim: a gnoll, wielding a halberd of venom (severely wounded)
You freeze the gnoll. The gnoll misses you.
You now have 9/17 mp.
Aim: a gnoll, wielding a halberd of venom (almost dead)
You freeze the gnoll.
You kill the gnoll!
The gnoll hits you.
* * * LOW HITPOINT WARNING * * *
A gnoll comes into view. It is wielding a flail.
You take 6 damage, and have 5/32 hp.
Aim: a gnoll You freeze the gnoll.
The gnoll shouts!
The gnoll barely misses you.
You now have 8/17 mp.
Aim: a gnoll (heavily wounded)
You freeze the gnoll.
You kill the gnoll!
You now have 7/17 mp.
The gnoll hits you with a flail!
You die...

##.#.#..).)........ ##########
#...#############. #........#
##..#........##... #........#
#..##.#####.##.## #........#
#..#).#.(.#.##.#. #........#
##>#.##.#.#.##.#. #).......#
###.##.#.#.##.#.
###........#########.##÷#.#.##.#.
................@g....)..........
###........###...$.#.##.#####....
########## #.##.##.##..........
#.##[...######.#....
#.########........†#
#.....####.#.......#
#(..(.)............#
#...(.######.......# #.....#
#.......#


You could see a gnoll.

Vanquished Creatures
  The ghost of drasked the Sneak, a weakling SpEn (D:3)
  Ijyb (D:2)
  A worker ant (D:3)
  4 adders
  7 gnolls (D:3)
  An ooze (D:1)
  2 worms (D:2)
  2 dart slugs
  5 leopard geckos
  A ball python (D:1)
  2 giant cockroaches
  11 goblins
  6 hobgoblins
  17 jackals
  12 kobolds
  11 bats
  5 frilled lizards
  6 rats
95 creatures vanquished.

Notes
Turn   | Place    | Note
-------+----------+-------------------------------------------
     0 | D:1      | drasked the Deep Elf Ice Elementalist began the quest for the Orb.
     0 | D:1      | Reached XP level 1. HP: 10/10 MP: 6/6
   306 | D:1      | Reached XP level 2. HP: 13/15 MP: 5/8
   323 | D:1      | Learned a level 2 spell: Throw Frost
   527 | D:1      | Reached skill level 4 in Spellcasting
   656 | D:1      | Reached XP level 3. HP: 19/19 MP: 7/10
   788 | D:1      | Reached skill level 4 in Ice Magic
  1152 | D:2      | Found a burning altar of Makhleb.
  1812 | D:2      | Reached XP level 4. HP: 24/24 MP: 6/12
  1818 | D:2      | Learned a level 3 spell: Ozocubu's Armour
  1912 | D:2      | Noticed Ijyb
  1923 | D:2      | Killed Ijyb
  1923 | D:2      | Reached skill level 5 in Spellcasting
  2400 | D:2      | Found a hazy altar of Hepliaklqana.
  2488 | D:2      | Found a white marble altar of Elyvilon.
  2725 | D:3      | Noticed drasked's ghost (weakling SpEn)
  2750 | D:3      | Killed drasked's ghost
  2750 | D:3      | Reached XP level 5. HP: 18/28 MP: 10/15
  2947 | D:3      | Reached skill level 5 in Ice Magic
  2965 | D:3      | Reached skill level 6 in Spellcasting
  2984 | D:3      | HP: 7/28 [poisoned by a worker ant]
  2991 | D:3      | HP: 6/28 [poisoned by a worker ant]
  2999 | D:3      | HP: 5/28 [poisoned by a worker ant]
  3363 | D:3      | HP: 4/28 [gnoll/spear (7)]
  3954 | D:3      | Reached XP level 6. HP: 27/32 MP: 14/17
  3959 | D:3      | HP: 5/32 [gnoll (6)]
  3962 | D:3      | Slain by a gnoll

Vault maps used:
D:1:      onia_arrival_pentagram, minmay_misc_feat_x, minmay_box_of_dots
D:2:      marbit_many_paths, bloody_makhleb, lemuel_round_altar,
          serial_co_window_serial, co_window_cross_1, co_window_corner_a,
          co_window_corner_a, co_window_paths_a, co_window_paths_b,
          co_window_paths_a, co_window_of_opportunity_a, co_window_paths_a,
          co_window_corner_a, co_window_corner_cb, co_window_2corner,
          co_window_corner_ca, co_window_corner_cb, co_window_paths_c,
          co_window_corner_ca, co_window_of_opportunity_c, co_window_paths_e,
          glass_columns_a, glass_columns_c, glass_columns_b, glass_columns_b,
          glass_columns_b, first_bread, minmay_tromino_v4_a, uniq_iyjb

Skill      XL: |  1  2  3  4  5 |
---------------+----------------+-----
Spellcasting   | 4 5 6 |  6.5
Ice Magic      | 4 5 |  5.7
Dodging        | |  2.4
Stealth        | |  2.4
Conjurations   | |  1.1

Action                   |  1- 3 |  4- 6 || total
-------------------------+-------+-------++-------
Melee: Short sword       |     5 |     8 ||    13
 Cast: Freeze            |    51 |    82 ||   133
       Throw Frost       |    18 |     9 ||    27
       Ozocubu's Armour  |       |     1 ||     1
 Stab: Distracted        |     1 |       ||     1
  Eat: Meat ration       |     1 |       ||     1
       Chunk             |       |     4 ||     4
Armor: Robe              |     9 |    13 ||    22
Dodge: Dodged            |    20 |    60 ||    80

Vault maps used:
D:1:      onia_arrival_pentagram, minmay_misc_feat_x, minmay_box_of_dots
D:2:      marbit_many_paths, bloody_makhleb, lemuel_round_altar,
          serial_co_window_serial, co_window_cross_1, co_window_corner_a,
          co_window_corner_a, co_window_paths_a, co_window_paths_b,
          co_window_paths_a, co_window_of_opportunity_a, co_window_paths_a,
          co_window_corner_a, co_window_corner_cb, co_window_2corner,
          co_window_corner_ca, co_window_corner_cb, co_window_paths_c,
          co_window_corner_ca, co_window_of_opportunity_c, co_window_paths_e,
          glass_columns_a, glass_columns_c, glass_columns_b, glass_columns_b,
          glass_columns_b, first_bread, minmay_tromino_v4_a, uniq_iyjb

Table legend:
 A = Turns spent in this place as a percentage of turns spent in the entire game.
 B = Non-inter-level travel turns spent in this place as a percentage of non-inter-level travel turns spent in the entire game.
 C = Inter-level travel turns spent in this place as a percentage of turns spent in this place.
 D = Turns resting spent in this place as a percentage of non-inter-level travel turns spent in this place.
 E = Turns spent auto-exploring this place as a percentage of non-inter-level travel turns spent in this place.
 F = Non-inter-level travel turns spent in this place divided by the number of levels of this place that you've seen.
                   A       B       C       D       E      F
               +-------+-------+-------+-------+-------+----------------------
         Total | 100.0 | 100.0 |   0.3 |   4.8 |   9.2 | 376.0
       Dungeon | 100.0 | 100.0 |   0.3 |   4.8 |   9.2 | 376.0
               +-------+-------+-------+-------+-------+----------------------

Table legend:
 A = Kills in this place as a percentage of kills in entire the game.
 B = Kills by you in this place as a percentage of kills by you in the entire game.
 C = Kills by friends in this place as a percentage of kills by friends in the entire game.
 D = Other kills in this place as a percentage of other kills in the entire game.
 E = Experience gained in this place as a percentage of experience gained in the entire game.
 F = Experience gained in this place divided by the number of levels of this place that you have seen.
                   A       B       C       D       E      F
               +-------+-------+-------+-------+-------+----------------------
         Total | 100.0 | 100.0 |  -nan |  -nan | 100.0 | 140.0
       Dungeon | 100.0 | 100.0 |  -nan |  -nan | 100.0 | 140.0
               +-------+-------+-------+-------+-------+----------------------
